 Dungeon Crawl Stone Soup version 0.17.0-57-g0e89251 (webtiles) character file.

242 JokEr the Ruffian (level 6, -4/47 (51) HPs)
             Began as a Ghoul Monk on Dec 7, 2015.
             Slain by a hippogriff (5 damage)
             ... on level 3 of the Dungeon.
             The game lasted 00:09:44 (3296 turns).

JokEr the Ruffian (Ghoul Monk)                      Turns: 3296, Time: 00:09:44

HP:   -4/47 (51)    AC:  8    Str: 17    XL:     6   Next: 9%
MP:   5/5           EV:  7    Int:  5    God:
Gold: 98            SH:  0    Dex: 11    Spells: 0 memorised, 5 levels left

rFire  . . .     SeeInvis .       - Unarmed
rCold  + . .     Clarity  .     h - +0 chain mail
rNeg   + + +     SustAt   .     (no shield)
rPois  ∞         Gourm    .     (no helmet)
rElec  .         Spirit   .     (no cloak)
rCorr  .         Warding  .     (no gloves)
rMut   .         Stasis   .     (no boots)
MR     .....                    (no amulet)
Stlth  ..........               (no ring)
                                (no ring)

@: rotting, not resistant to hostile enchantments, extremely unstealthy
A: rotting body, claws 1, carnivore 3, cold resistance 1, negative energy
resistance 3, slow regeneration 1, torment resistance, unbreathing
a: no special abilities


You were on level 3 of the Dungeon.
You were not hungry.

You visited 1 branch of the dungeon, and saw 3 of its levels.

You collected 98 gold pieces.

Inventory:

Armour
 a - a +0 robe
 h - a +0 chain mail (worn)
 l - a cursed +0 chain mail
Jewellery
 d - a cursed ring of loudness
Scrolls
 e - a scroll of identify
Potions
 c - a potion of heal wounds {unknown}
 i - a potion of flight {unknown}
 j - a potion of experience {unknown}
Comestibles
 f - 3 bread rations


   Skills:
 - Level 3.2 Fighting
 - Level 2.6 Dodging
 - Level 2.1 Stealth
 + Level 7.8 Unarmed Combat


You had 5 spell levels left.
You didn't know any spells.

Dungeon Overview and Level Annotations

Branches:
Dungeon (3/15)

Altars:
Cheibriados
Xom


Innate Abilities, Weirdness & Mutations

Your body is rotting away.
You thrive on raw meat.
You are immune to poison.
You have sharp fingernails.
You are carnivorous and can eat meat at any time.
Your flesh is cold resistant.
You are immune to negative energy.
You regenerate slowly when monsters are visible.
You are immune to unholy pain and torment.
You can survive without breathing.


Message History

The hippogriff claws you but does no damage.
You scratch the hippogriff but do no damage.
The hippogriff is almost dead.
The hippogriff bites you.
* * * LOW HITPOINT WARNING * * *
The hippogriff closely misses you. The hippogriff claws you.
* * * LOW HITPOINT WARNING * * *
You are too injured to fight recklessly!
Your chain mail prevents you from hitting the hippogriff.
The hippogriff is almost dead.
The hippogriff bites you.
* * * LOW HITPOINT WARNING * * *
The hippogriff pecks you but does no damage.
The hippogriff claws you.
* * * LOW HITPOINT WARNING * * *
Read which item? (? for menu, Esc to quit)
Okay, then.
It was a potion of poison.
You feel slightly nauseous. The hippogriff bites you.
You die...

.'.)#..# #..#()'.#
.##.#..# #..#.##.#
..###..# #.(###..#
...g#### ####...##
###gg..##'##....###
######.......#...##
.# #####.##.....##
.#########.#.......#
......g........H@..#
##########.#...s...#
#######(.......##
........#)......#
#######)#.......#
#.#.......#
#.##....<##
#####.###...##
#..........##


You could see a hippogriff and a scorpion.

Vanquished Creatures
  An orc wizard (D:3)
  8 gnolls
  3 adders (D:2)
  2 oozes
  3 worms
  4 giant geckos
  6 orcs (D:3)
  6 bats
  4 giant cockroaches
  6 hobgoblins
  6 jackals (D:2)
  11 kobolds
  A quokka (D:2)
  4 giant newts (D:2)
  11 goblins
  9 rats
85 creatures vanquished.

Notes
Turn   | Place    | Note
--------------------------------------------------------------
     0 | D:1      | JokEr the Ghoul Monk began the quest for the Orb.
     0 | D:1      | Reached XP level 1. HP: 19/19 MP: 0/0
   132 | D:1      | Reached XP level 2. HP: 16/26 MP: 1/1
   511 | D:1      | Reached skill level 5 in Unarmed Combat
   698 | D:1      | Reached XP level 3. HP: 30/30 MP: 2/2
  1338 | D:2      | Reached skill level 6 in Unarmed Combat
  1338 | D:2      | Reached XP level 4. HP: 36/38 MP: 3/3
  1554 | D:2      | Found a snail-covered altar of Cheibriados.
  1698 | D:2      | Reached XP level 5. HP: 45/45 MP: 4/4
  1804 | D:2      | Found a shimmering altar of Xom.
  2044 | D:2      | Reached skill level 7 in Unarmed Combat
  3082 | D:3      | Noticed a hippogriff
  3111 | D:3      | Reached XP level 6. HP: 25/48 MP: 5/5
  3295 | D:3      | HP: 1/47 [hippogriff (6)]
  3296 | D:3      | Slain by a hippogriff

Action                   |  1- 3 |  4- 6 || total
-------------------------+-------+-------++-------
Melee: Unarmed           |    98 |   144 ||   242
  Use: Scroll            |     3 |     8 ||    11
       Potion            |       |     1 ||     1
 Stab: Sleeping          |     1 |     1 ||     2
  Eat: Chunk             |     9 |     5 ||    14
       Beef jerky        |       |     3 ||     3
       Meat ration       |       |     2 ||     2
